 Dungeon Crawl Stone Soup version 0.31-a0-187-gba352fbbf7 (webtiles) character file.

Game seed: 9729681167233904022

212 qw the Skirmisher (level 5, -4/29 HPs)
             Began as a Deep Elf Hunter on June 22, 2023.
             Slain by a gnoll
             ... wielding a +0 flail
              (6 damage)
             ... on level 3 of the Dungeon.
             The game lasted 00:00:58 (1618 turns).

qw the Skirmisher (Deep Elf Hunter)                 Turns: 1618, Time: 00:00:58

Health: -4/29      AC:  5    Str: 10    XL:     5   Next: 58%
Magic:  7/7        EV: 12    Int: 14    God:
Gold:   87         SH:  0    Dex: 18    Spells: 4/4 levels left

rFire   . . .        Y - +0 shortbow
rCold   . . .        (shield currently unavailable)
rNeg    + + .        c - +0 leather armour
rPois   +            b - +0 helmet
rElec   .            (no cloak)
rCorr   .            (no gloves)
SInv    .            d - +0 pair of boots of the Gloaming {rPois rN++}
Will    .....        (no amulet)
Stlth   ++           (no ring)
HPRegen 0.24/turn    (no ring)
MPRegen 0.10/turn

%: no passive effects
@: no status effects
A: no striking features
a: no special abilities


You were on level 3 of the Dungeon.
You visited 1 branch of the dungeon, and saw 3 of its levels.

You collected 87 gold pieces.


   Skills:
 - Level 1.5 Fighting
 - Level 9.0 Ranged Weapons
 + Level 2.9 Dodging
 - Level 1.2 Stealth


You had 4 spell levels left.
You didn't know any spells.
Your spell library was empty.

Inventory:

Hand Weapons
 Y - a +0 shortbow (weapon)
Armour
 b - a +0 helmet (worn)
 c - a +0 leather armour (worn)
 d - the +0 pair of boots of the Gloaming (worn) {rPois rN++}
   (You acquired it on level 1 of the Dungeon)

   rPois:     It protects you from poison.
   rN:        It greatly protects you from negative energy.
 f - a +2 pair of boots
 g - the +1 pair of boots of Okawaru's Pride {rF+++ Dex-4 Slay+2 Stlth+}
   (You acquired it on level 2 of the Dungeon)

   Dex:       It affects your dexterity (-4).
   Slay:      It affects your accuracy & damage with ranged weapons and melee
   (+2).
   rF:        It renders you almost immune to fire.
   Stlth:     It makes you more stealthy.
 h - a +0 ring mail
Scrolls
 a - 3 scrolls of identify
Potions
 e - a potion of enlightenment

Dungeon Overview and Level Annotations

Branches:
Dungeon (3/15)

Altars:


Message History

You shoot an arrow. The gnoll shouts!
The arrow hits the gnoll!
You kill the gnoll!
You shoot an arrow. The arrow hits the gnoll.
The gnoll is severely wounded.
You shoot an arrow.
The arrow hits the bat but does no damage.
The bat hits you but does no damage.
You shoot an arrow.
The arrow hits the gnoll but does no damage.
The gnoll is severely wounded.
The bat hits you but does no damage. The gnoll hits you but does no damage.
You shoot an arrow.
The arrow hits the gnoll but does no damage.
The gnoll is severely wounded.
The bat hits you. The gnoll hits you with a +0 flail.
You shoot an arrow. The arrow hits the gnoll.
The gnoll is almost dead.
The bat misses you. The gnoll hits you with a +0 flail.
You shoot an arrow.
The arrow hits the gnoll but does no damage.
The gnoll is severely wounded.
The bat hits you but does no damage. The gnoll misses you.
The gnoll hits you with a +0 flail.
You shoot an arrow.
The arrow hits the gnoll but does no damage.
The gnoll is severely wounded.
The bat hits you but does no damage. The gnoll misses you.
The gnoll hits you with a +0 flail.
You shoot an arrow.
The arrow hits the gnoll but does no damage.
The gnoll is severely wounded.
The bat hits you but does no damage. The gnoll barely misses you.
The gnoll hits you with a +0 flail.
You shoot an arrow.
The arrow hits the gnoll but does no damage.
The gnoll is severely wounded.
The bat barely misses you. The gnoll hits you with a +0 flail.
You die...

#.# #.# #...##.##
#.# #.####...##.#
#.#
#######........##.#
#.#
#..............##.##
#.#
#.###.#..##.#..##.##
#.#
#.##.#...##....##.##
#.#
#.##..#..#####.##.##
#.## #.##b.#%.#
..##... #..#
#..@g...># ######
##.# ####g)#.##
.....> #.# #.....# #
#... #.#
#....>....#. #.##
###
#.#...###.#(##.#.
.## #.##.##
#........ .## #.# .#
#........ ~.+. #.#
.# ###.##.<# #.###.#


You could see 2 gnolls and a bat.

Vanquished Creatures
  2 orc wizards
  5 gnolls
  4 adders
  A worm (D:2)
  3 dart slugs
  3 orcs (D:3)
  4 ball pythons
  3 bats
  5 endoplasms
  3 giant cockroaches
  6 goblins
  3 hobgoblins
  7 jackals
  2 quokkas
  12 kobolds
  5 rats
68 creatures vanquished.

Notes
Turn   | Place    | Note
-------+----------+-------------------------------------------
     0 | D:1      | qw the Deep Elf Hunter began the quest for the Orb.
     0 | D:1      | Reached XP level 1. HP: 12/12 MP: 3/3
     0 | D:1      | 0 ||| qw: Version: 0.3-a-9-g12657ce
     0 | D:1      | 0 ||| qw: Game counter: 2059
     0 | D:1      | 0 ||| qw: Always use a shield: true
     0 | D:1      | 0 ||| qw: God list: Okawaru
     0 | D:1      | 0 ||| qw: Allow faded altars: false
     0 | D:1      | 0 ||| qw: Do Orc after D:15 true
     0 | D:1      | 0 ||| qw: Do second Lair branch before Depths: true
     0 | D:1      | 0 ||| qw: Lair rune preference: random
     0 | D:1      | 0 ||| qw: Plans: Normal
     0 | D:1      | 0 ||| PLANNING D:1-11
   109 | D:1      | Reached XP level 2. HP: 16/16 MP: 4/4
   110 | D:1      | Reached skill level 6 in Ranged Weapons
   137 | D:1      | Found a faded altar of an unknown god.
   518 | D:1      | 518 ||| UPGRADING to +0 pair of boots.
   523 | D:1      | 523 ||| UPGRADING to +2 pair of boots.
   533 | D:1      | 533 ||| DROPPING +0 pair of boots.
   534 | D:1      | 534 ||| UPGRADING to +1 hat.
   539 | D:1      | 539 ||| READING 2 scrolls labelled KEUPEH YCHULOUPT.
   540 | D:1      | 540 ||| READING scroll labelled LATZAUGRINUET.
   540 | D:1      | Identified a scroll of acquirement
   540 | D:1      | 540 ||| ACQUIRING +0 pair of boots of the Gloaming {rPois
                  | rN++}
   540 | D:1      | Acquired the +0 pair of boots of the Gloaming {rPois rN++}
   542 | D:1      | 542 ||| UPGRADING to +0 pair of boots of the Gloaming
                  | {rPois rN++}.
   552 | D:1      | 552 ||| READING scroll labelled ROIFFE OGYWE.
   553 | D:1      | 553 ||| DROPPING scroll of butterflies.
   575 | D:2      | Reached XP level 3. HP: 20/20 MP: 5/5
   581 | D:2      | 581 ||| STAIRDANCE
   621 | D:2      | 621 ||| STAIRDANCE
   621 | D:2      | HP: 5/20 [gnoll/+0 spear (2)]
   689 | D:2      | 689 ||| STAIRDANCE
   734 | D:2      | Reached skill level 7 in Ranged Weapons
   736 | D:2      | 736 ||| STAIRDANCE
   844 | D:2      | Reached XP level 4. HP: 25/25 MP: 6/6
  1048 | D:2      | Reached skill level 8 in Ranged Weapons
  1068 | D:2      | 1068 ||| READING scroll of acquirement.
  1068 | D:2      | 1068 ||| ACQUIRING +1 pair of boots of Okawaru's Pride
                  | {rF+++ Dex-4 Slay+2 Stlth+}
  1068 | D:2      | Acquired the +1 pair of boots of Okawaru's Pride {rF+++
                  | Dex-4 Slay+2 Stlth+}
  1070 | D:2      | 1070 ||| UPGRADING to +0 helmet.
  1080 | D:2      | 1080 ||| DROPPING +1 hat.
  1252 | D:2      | 1252 ||| READING 4 scrolls of identify.
  1252 | D:2      | 1252 ||| IDENTIFYING smoky silvery potion
  1253 | D:2      | 1253 ||| READING 3 scrolls of identify.
  1253 | D:2      | 1253 ||| IDENTIFYING silvery potion
  1254 | D:2      | 1254 ||| READING 2 scrolls of identify.
  1254 | D:2      | 1254 ||| IDENTIFYING coppery potion
  1255 | D:2      | 1255 ||| DROPPING potion of attraction.
  1256 | D:2      | 1256 ||| DROPPING potion of berserk rage.
  1288 | D:3      | 1288 ||| Stepping ~*~*~tactically~*~*~ (outnumbered).
  1291 | D:3      | 1291 ||| STAIRDANCE
  1311 | D:3      | 1311 ||| STAIRDANCE
  1333 | D:3      | 1333 ||| STAIRDANCE
  1337 | D:2      | Reached XP level 5. HP: 24/29 MP: 7/7
  1533 | D:3      | Reached skill level 9 in Ranged Weapons
  1617 | D:3      | HP: 2/29 [gnoll/+0 flail (6)]
  1618 | D:3      | Slain by a gnoll

Levels and vault maps discovered:
D:1:      beargit_arrival_diablo_church, layout_basic,
          hellmonk_ecumenical_altar_lost_god
D:2:      layout_rooms, minmay_hexomino_f4
D:3:      layout_loops_ring, trog_butcher_becter, mainiacjoe_overflow_alcove_4,
          roderic_batcave

Skill      XL: |  1  2  3  4  5 |
---------------+----------------+-----
Ranged Weapons | 6 7 8 9 |  9.0
Fighting       | |  1.5
Dodging        | |  2.9
Stealth        | |  1.2

Action                     |  1- 3 |  4- 6 || total
---------------------------+-------+-------++-------
   Fire: Shortbow          |    89 |   153 ||   242
    Use: Scroll            |     3 |     4 ||     7
 Armour: Leather armour    |     8 |    31 ||    39
  Dodge: Dodged            |    28 |    33 ||    61

Table legend:
 A = Non-vault XP
 B = Vault XP
 C = Vault XP percentage of total XP
 D = Non-vault monster count
 E = Vault monster count
 F = Vault count percentage of total count
                 A         B        C        D         E       F
            +---------+---------+-------+---------+---------+-------
      Total |     288 |      16 |   5.3 |      65 |       3 |   4.4
            +---------+---------+-------+---------+---------+-------
        D:1 |      47 |       0 |   0.0 |      19 |       0 |   0.0
        D:2 |     130 |      16 |  11.0 |      23 |       3 |  11.5
        D:3 |     111 |       0 |   0.0 |      23 |       0 |   0.0
            +---------+---------+-------+---------+---------+-------
